 Dungeon Sprint DCSS version 0.14-a0-3278-gb24e923 (webtiles) character file.

1334 BluebellGnoll the Conjurer (level 8, -5/41 HPs)
             Began as a Deep Elf Fire Elementalist on Mar 13, 2014.
             Slain by a hill giant
             ... wielding a +0,+0 giant club
              (39 damage)
             ... in the Dungeon (Sprint III: "The Ten Rune Challenge").
             The game lasted 00:11:45 (942 turns).

BluebellGnoll the Conjurer (DEFE)                    Turns: 942, Time: 00:11:45

HP  -5/41        AC  2     Str  5      XL: 8   Next: 33%
MP  25/31        EV 18     Int 23      God:
Gold 18          SH  0     Dex 15      Spells:  7 memorised,  8 levels left

rFire  . . .     SeeInvis .     k - +1,+0 short sword
rCold  . . .     Clarity  .     a - +0 robe
rNeg   . . .     Conserve .     (no shield)
rPois  .         rCorr    .     (no helmet)
rElec  .         rRot     .     (no cloak)
SustAb . .       Spirit   .     (no gloves)
rMut   .         Warding  .     (no boots)
Saprov . . .     NoTele   +     (no amulet)
MR     .....                    (no ring)
                                (no ring)

@: not resistant to hostile enchantments, quite stealthy
A: no striking features
a: no special abilities


You were in the Dungeon.
You were not hungry.

You visited 1 branch You collected 18 gold pieces.

Inventory:

Hand weapons
 k - a +1,+0 short sword (weapon)
 w - a +2,+1 long sword of holy wrath
Armour
 a - a +0 robe (worn)
Magical devices
 j - a wand of slowing (11)
 y - a wand of magic darts (6)
Comestibles
 c - a bread ration
 i - 2 chunks of two-headed ogre flesh
 p - 3 royal jellies
Scrolls
 m - a scroll of holy word {unknown}
 n - a scroll of identify {unknown}
 o - a scroll of enchant weapon II {unknown}
 t - a scroll of torment {unknown}
 u - 2 scrolls of fog {unknown}
Potions
 d - a potion of curing
 e - a potion of heal wounds
 f - a potion of haste
 g - 2 potions of magic
 h - a potion of berserk rage
 l - a potion of strong poison {unknown}
 q - a potion of decay {unknown}
 r - a potion of cure mutation {unknown}
 s - 2 potions of mutation {unknown}
 v - a potion of restore abilities {unknown}
Books
 b - a book of Flames

   Spells                             Type                      Level
   *Flame Tongue                      Conjuration/Fire             1
   *Throw Flame                       Conjuration/Fire             2
   *Conjure Flame                     Conjuration/Fire             3
   *Inner Flame                       Hexes/Fire                   3
   *Sticky Flame                      Conjuration/Fire             4
   *Fireball                          Conjuration/Fire             5
 A - a book of the Tempests

   Spells                             Type                      Level
   Static Discharge                   Conjuration/Air              3
   *Lightning Bolt                    Conjuration/Air              5
   *Fireball                          Conjuration/Fire             5
   Tornado                            Air                          9
   Shatter                            Earth                        9
 B - a book of Fire

   Spells                             Type                      Level
   Fire Brand                         Charms/Fire                  2
   Ignite Poison                      Fire/Transmutation           5
   *Fireball                          Conjuration/Fire             5
   Bolt of Fire                       Conjuration/Fire             6
   Delayed Fireball                   Conjuration/Fire             7
   Ring of Flames                     Charms/Fire                  7
Miscellaneous
 C - a phial of floods


   Skills:
 - Level 9.9 Dodging
 - Level 7.1 Stealth
 + Level 12.2 Spellcasting
 + Level 13.6 Conjurations
 - Level 3.2 Fire Magic


You had 8 spell levels left.
You knew the following spells:

 Your Spells              Type           Power        Failure   Level  Hunger
a - Flame Tongue          Conj/Fire      #####        1%          1    None
b - Throw Flame           Conj/Fire      ######       1%          2    None
c - Conjure Flame         Conj/Fire      ######..     1%          3    None
d - Inner Flame           Hex/Fire       ###.....     10%         3    None
e - Sticky Flame          Conj/Fire      ######..     1%          4    None
f - Fireball              Conj/Fire      ######....   4%          5    ###....
g - Lightning Bolt        Conj/Air       #####.....   10%         5    ###....


Dungeon Overview and Level Annotations

Branches:
Dungeon (1/1)

Altars:
Cheibriados
Dithmenos
Elyvilon
Fedhas
Kikubaaqudgha
Makhleb
Nemelex Xobeh
Okawaru
Sif Muna
Trog
Vehumet
Xom
Yredelemnul
Zin
The Shining One


Message History

The fire roars!
Casting: Conjure Flame
Confirm with . or Enter, or press ? or * to list all spells.
Aiming: Sticky Flame
Press: ? - help, Shift-Dir - straight line, f - hill giant
Aim: a hill giant, wielding a giant club (flame)
The sticky flame hits the hill giant.
The hill giant is lightly wounded.
The hill giant is covered in liquid flames!
The hill giant burns!
The hill giant is engulfed in roaring flames.
The hill giant hits you with a giant club.
The hill giant burns!
The hill giant is engulfed in roaring flames.
The hill giant burns!
The hill giant burns!
The hill giant burns!
The hill giant hits you with a giant club!
Ouch! That really hurt!
You die...

#...#...#%_#
###'#'###'##
#..........#
'.⌠....)%..#
#...######'#
#.⌠.#..#...#+###########
#...#__#...#....#.#.#..
#'###_.#...##.#..#.##.#
#.).#_.#...'##.#@#.##§#
#___#..'...#.).#.C#..#
▓▓▓▓▓▓▓▓▓▓▓▓▓▓▓▓▓▓▓▓▓▓


You could see a hill giant (burning).

Vanquished Creatures
  A deep elf priest (D)
  2 humans (D)
  A spatial vortex (D)
  A necrophage (D)
  A demigod (D)
  3 two-headed ogres (D)
  A water elemental (D)
  A scorpion (D)
  A jelly (D)
  A necromancer (D)
  A wizard (D)
  A kobold demonologist (D)
  Jessica (D)
  An elf (D)
  2 oozes (D)
  A rat (D)
20 creatures vanquished.

Vanquished Creatures (others)
  2 draconian scorchers (D)
  A yaktaur (D)
3 creatures vanquished.

Grand Total: 23 creatures vanquished

Notes
Turn   | Place    | Note
--------------------------------------------------------------
     0 | D        | BluebellGnoll, the Deep Elf Fire Elementalist, began the quest for the Orb.
     0 | D        | Reached XP level 1. HP: 10/10 MP: 5/5
     6 | D        | Reached skill level 4 in Spellcasting
    49 | D        | Reached skill level 5 in Spellcasting
    98 | D        | Noticed Jessica
   101 | D        | Killed Jessica
   101 | D        | Reached skill level 7 in Spellcasting
   101 | D        | Reached XP level 2. HP: 15/15 MP: 6/14
   106 | D        | Learned a level 2 spell: Throw Flame
   183 | D        | Reached skill level 9 in Spellcasting
   183 | D        | Reached XP level 3. HP: 19/19 MP: 3/19
   251 | D        | Killed a yaktaur
   288 | D        | Learned a level 3 spell: Conjure Flame
   292 | D        | Learned a level 3 spell: Inner Flame
   295 | D        | Noticed a scorpion
   308 | D        | Killed a scorpion
   308 | D        | Reached skill level 5 in Conjurations
   308 | D        | Reached XP level 4. HP: 24/24 MP: 7/21
   314 | D        | Learned a level 4 spell: Sticky Flame
   429 | D        | Noticed a water elemental
   432 | D        | Killed a water elemental
   432 | D        | Reached XP level 5. HP: 28/28 MP: 16/23
   439 | D        | Learned a level 5 spell: Fireball
   442 | D        | Killed a white draconian scorcher
   466 | D        | Killed a white draconian scorcher
   473 | D        | Found a glowing silver altar of Zin.
   473 | D        | Found a glowing golden altar of the Shining One.
   473 | D        | Found a white marble altar of Elyvilon.
   474 | D        | Noticed a deep elf priest
   483 | D        | Killed a deep elf priest
   483 | D        | Reached skill level 13 in Conjurations
   483 | D        | Reached XP level 6. HP: 22/32 MP: 18/25
   496 | D        | Found an iron altar of Okawaru.
   496 | D        | Found a bloodstained altar of Trog.
   496 | D        | Noticed a human
   496 | D        | Noticed a human
   502 | D        | Killed a human
   502 | D        | Reached XP level 7. HP: 27/36 MP: 8/27
   508 | D        | Killed a human
   617 | D        | Found a basalt altar of Yredelemnul.
   617 | D        | Found a snail-covered altar of Cheibriados.
   617 | D        | Found a blossoming altar of Fedhas.
   617 | D        | Noticed a necrophage
   617 | D        | Noticed a necromancer
   618 | D        | Killed a necromancer
   621 | D        | Killed a necrophage
   635 | D        | Noticed a jelly
   638 | D        | Killed a jelly
   639 | D        | Noticed a demigod
   646 | D        | Killed a demigod
   646 | D        | Reached skill level 10 in Spellcasting
   695 | D        | Found a radiant altar of Vehumet.
   695 | D        | Found a deep blue altar of Sif Muna.
   695 | D        | Found an ancient bone altar of Kikubaaqudgha.
   695 | D        | Noticed a wizard
   696 | D        | Killed a wizard
   709 | D        | Learned a level 5 spell: Lightning Bolt
   727 | D        | Found a burning altar of Makhleb.
   727 | D        | Found a shimmering altar of Xom.
   728 | D        | Found a shadowy altar of Dithmenos.
   728 | D        | Found a sparkling altar of Nemelex Xobeh.
   728 | D        | Noticed a spatial vortex
   754 | D        | Killed a spatial vortex
   754 | D        | Reached XP level 8. HP: 41/41 MP: 12/30
   835 | D        | Noticed a two-headed ogre
   835 | D        | Noticed a two-headed ogre
   838 | D        | Noticed a two-headed ogre
   840 | D        | Killed a two-headed ogre
   850 | D        | Killed a two-headed ogre
   852 | D        | Killed a two-headed ogre
   935 | D        | Noticed a hill giant
   942 | D        | Slain by a hill giant

Action                   |  1- 3 |  4- 6 |  7- 9 || total
-------------------------+-------+-------+-------++-------
Melee: Short sword       |       |       |     1 ||     1
 Cast: Flame Tongue      |    16 |     6 |    28 ||    50
       Throw Flame       |     8 |       |     4 ||    12
       Conjure Flame     |     1 |       |     2 ||     3
       Sticky Flame      |       |     3 |     4 ||     7
       Fireball          |       |     1 |     2 ||     3
  Use: Scroll            |       |       |     1 ||     1
 Stab: Sleeping          |       |       |     1 ||     1
